 Dungeon Crawl Stone Soup version 0.22.1-2-g9c5b331383 (webtiles) character file.

664 Jerry the Chopper (level 7, 0/57 (60) HPs)
             Began as a Ghoul Gladiator on Nov 23, 2018.
             Was an Initiate of Okawaru.
             Slain by a bullfrog (3 damage)
             ... on level 6 of the Dungeon.
             The game lasted 00:13:17 (5817 turns).

Jerry the Chopper (Ghoul Gladiator)                 Turns: 5817, Time: 00:13:17

HP:   0/57 (60)     AC:  5    Str: 20    XL:     7   Next: 57%
MP:   15/15         EV: 16    Int:  3    God:    Okawaru [......]
Gold: 193           SH:  0    Dex: 10    Spells: 6/6 levels left

rFire    . . .     SeeInvis .   a - +0 war axe
rCold    + . .     Gourm    .   (no shield)
rNeg     + + +     Faith    .   b - +0 leather armour
rPois    ∞         Spirit   .   c - +0 helmet
rElec    .         Reflect  .   (no cloak)
rCorr    .         Harm     .   (no gloves)
MR       .....                  e - +0 pair of boots
Stlth    ++........             (no amulet)
HPRegen  0.00/turn              E - ring of magical power (curse)
MPRegen  0.14/turn              D - +4 ring of evasion

@: rotting
A: rotting body, claws 1, carnivore, cold resistance 1, negative energy
resistance 3, inhibited regeneration, torment resistance, unbreathing
a: Renounce Religion


You were on level 6 of the Dungeon.
You worshipped Okawaru.
Okawaru was noncommittal.
You were not hungry.

You visited 2 branches of the dungeon, and saw 7 of its levels.

You collected 193 gold pieces.

Inventory:

Hand Weapons
 a - a +0 war axe (weapon)
 t - a +0 blowgun
 C - a cursed -3 whip
Missiles
 u - 30 poisoned needles
Armour
 b - a +0 leather armour (worn)
 c - a +0 helmet (worn)
 e - a +0 pair of boots (worn)
 p - a +0 ring mail
Jewellery
 k - an uncursed ring of wizardry
 o - an uncursed ring of resist corrosion
 D - a +4 ring of evasion (right claw)
 E - a cursed ring of magical power (left claw)
Scrolls
 g - 2 scrolls of fear {unknown}
 h - 5 scrolls of identify {unknown}
 j - 5 scrolls of teleportation {unknown}
 l - 2 scrolls of magic mapping {unknown}
 q - 3 scrolls of remove curse {unknown}
 s - a scroll of amnesia {unknown}
 y - 2 scrolls of blinking {unknown}
 z - a scroll of enchant weapon {unknown}
 F - a scroll of enchant armour {unknown}
Potions
 d - a potion of cancellation {unknown}
 i - 2 potions of berserk rage
 n - a potion of mutation {unknown}
 r - a potion of degeneration {unknown}
 v - a potion of lignification {unknown}
 w - 2 potions of brilliance {unknown}
 x - a potion of might {unknown}
 A - a potion of resistance {unknown}
 B - 4 potions of haste {unknown}
 G - a potion of curing {unknown}
Comestibles
 f - 9 rations


   Skills:
 + Level 4.4 Fighting
 * Level 5.3 Axes
 - Level 1.7 Throwing
 + Level 2.9 Armour
 - Level 2.6 Dodging
 + Level 3.9 Stealth
 + Level 0.7 Invocations


You had 6 spell levels left.
You didn't know any spells.
Your spell library was empty.

Dungeon Overview and Level Annotations

Branches:
Dungeon (6/15)             Temple (1/1) D:5

Altars:
Ashenzari
Dithmenos
Elyvilon
Fedhas
Gozag
Hepliaklqana
Kikubaaqudgha
Makhleb
Nemelex Xobeh
Okawaru
Qazlal
Sif Muna
Trog
Uskayaw
Vehumet
Wu Jian
Xom
Zin
The Shining One


Innate Abilities, Weirdness & Mutations

Your body is rotting away.
You thrive on raw meat.
You are immune to poison.
You have sharp fingernails.
You are carnivorous and can eat meat at any time.
Your flesh is cold resistant. (rC+)
You are immune to negative energy. (rN+++)
You do not regenerate when monsters are visible.
You are immune to unholy pain and torment.
You can survive without breathing.


Message History

You miss the bullfrog.
The bullfrog is heavily wounded.
The bullfrog hits you. x2
* * * LOW HITPOINT WARNING * * *
You hit the bullfrog but do no damage.
The bullfrog is heavily wounded.
The bullfrog hits you!
* * * LOW HITPOINT WARNING * * *
You barely miss the bullfrog.
The bullfrog is heavily wounded.
The bullfrog hits you!
* * * LOW HITPOINT WARNING * * *
The bullfrog barely misses you.
Throwing (i - inventory)
m - a throwing net (quivered)
Press: ? - help, Shift-Dir - straight line, f - bullfrog
Aim: a bullfrog (heavily wounded)
You throw a throwing net.
The throwing net closely misses the bullfrog.
The bullfrog hits you.
You die...

######.########
###.............#
........#######.#
###.##..).....#
.. #...##.#.#
#......###
.....#......#
######....#.#
######@# #F# #(.
####


You could see a bullfrog.

Vanquished Creatures
  An ogre (D:5)
  A bullfrog (D:6)
  2 scorpions
  A howler monkey (D:4)
  A crimson imp (D:4)
  2 orc priests (D:4)
  An orc wizard (D:4)
  3 worker ants (D:4)
  3 gnolls
  6 adders
  An adder zombie (D:5)
  4 worms
  2 dart slugs
  4 leopard geckos
  9 orcs
  3 bats
  5 giant cockroaches
  8 goblins
  6 hobgoblins
  7 jackals
  6 kobolds
  A quokka (D:5)
  A ball python zombie (D:5)
  8 frilled lizards
  2 jackal skeletons (D:4)
  A leopard gecko skeleton (D:4)
  A quokka skeleton (D:4)
  4 rats
94 creatures vanquished.

Notes
Turn   | Place    | Note
-------+----------+-------------------------------------------
     0 | D:1      | Jerry the Ghoul Gladiator began the quest for the Orb.
     0 | D:1      | Reached XP level 1. HP: 17/17 MP: 0/0
   317 | D:1      | Reached XP level 2. HP: 20/25 MP: 1/1
   412 | D:1      | Reached skill level 3 in Axes
   529 | D:1      | Reached skill level 1 in Stealth
   641 | D:1      | Reached XP level 3. HP: 30/30 MP: 2/2
   987 | D:2      | Found a radiant altar of Vehumet.
   988 | D:2      | Reached skill level 1 in Armour
  1264 | D:2      | Found a bloodstained altar of Trog.
  1268 | D:2      | Noticed a scorpion
  1695 | D:2      | Reached XP level 4. HP: 28/37 MP: 3/3
  2025 | D:2      | Found a faded altar of an unknown god.
  2037 | D:2      | Reached XP level 5. HP: 13/44 MP: 4/4
  2819 | D:3      | Reached skill level 4 in Axes
  3119 | D:3      | Found a burning altar of Makhleb.
  3662 | D:4      | Reached XP level 6. HP: 36/52 MP: 5/5
  4319 | D:4      | Reached XP level 7. HP: 43/57 MP: 6/6
  4587 | D:4      | Found a deep blue altar of Sif Muna.
  4658 | D:4      | Found a shimmering altar of Xom.
  4663 | D:4      | Found a stormy altar of Qazlal.
  4796 | D:5      | Entered Level 5 of the Dungeon
  5209 | D:5      | Reached skill level 5 in Axes
  5302 | D:5      | Found a staircase to the Ecumenical Temple.
  5311 | Temple   | Entered the Ecumenical Temple
  5522 | Temple   | Became a worshipper of Warmaster Okawaru
  5817 | D:6      | Slain by a bullfrog

Skill      XL: |  1  2  3  4  5  6  7 |
---------------+----------------------+-----
Axes           | 3 4 5 |  5.3
Stealth        | 1 2 3 |  3.9
Armour         | 1 2 |  2.9
Fighting       | 3 4 |  4.4
Throwing       | |  1.7
Dodging        | |  2.6
Invocations    | |  0.7

Action                   |  1- 3 |  4- 6 |  7- 9 || total
-------------------------+-------+-------+-------++-------
Melee: War axe           |   139 |   169 |    90 ||   398
Throw: Throwing net      |     5 |     1 |     1 ||     7
  Use: Potion            |     1 |       |       ||     1
 Stab: Sleeping          |       |     4 |     3 ||     7
  Eat: Chunk             |    10 |    23 |     8 ||    41
Armor: Leather armour    |    58 |    56 |    20 ||   134
Dodge: Dodged            |   102 |   113 |    80 ||   295
